 Dungeon Crawl Stone Soup version 0.28.0-47-ge53b351184 (webtiles) character file.

Game seed: 11514937941624639332

1931 NinjaNoafa the Skirmisher (level 8, -34/71 HPs)
             Began as a Minotaur Monk on Apr 28, 2022.
             Was a Priest of Cheibriados.
             Killed by an exploding orc wizard (45 damage)
             ... ignited by their inner flame
             ... on level 6 of the Dungeon.
             The game lasted 00:08:31 (6096 turns).

NinjaNoafa the Skirmisher (Minotaur Monk)           Turns: 6096, Time: 00:08:32

Health: -34/71     AC:  9    Str: 24    XL:     8   Next: 97%
Magic:  10/10      EV: 12    Int: 19    God:    Cheibriados [***...]
Gold:   254        SH:  0    Dex: 19    Spells: 7/7 levels left

rFire   . . .      SeeInvis .   a - +7 rapier (elec)
rCold   . . .      Faith    .   (no shield)
rNeg    . . .      Spirit   .   g - +1 scale mail
rPois   .          Reflect  .   (helmet restricted)
rElec   .          Harm     .   (no cloak)
rCorr   .          Rampage  .   (no gloves)
Will    .....                   n - +0 pair of boots
Stlth   +.........              (no amulet)
HPRegen 0.21/turn               f - +6 ring of intelligence
MPRegen 0.12/turn               (no ring)

@: very slow
A: horns 2, retaliatory headbutt
a: Renounce Religion, Bend Time, Temporal Distortion


You were on level 6 of the Dungeon.
You worshipped Cheibriados.
Cheibriados was most pleased with you.
You visited 2 branches of the dungeon, and saw 7 of its levels.

You collected 308 gold pieces.
You spent 54 gold pieces at shops.

Inventory:

Hand Weapons
 a - a +7 rapier of electrocution (weapon)
 p - a +3 falchion of freezing
Missiles
 d - 6 boomerangs (quivered)
 o - 3 poisoned darts
Armour
 g - a +1 scale mail (worn)
 n - a +0 pair of boots (worn)
Jewellery
 f - a +6 ring of intelligence (left hand)
Wands
 q - a wand of digging (5)
 r - a wand of flame (8)
Scrolls
 h - a scroll of immolation
 k - a scroll of blinking {unknown}
 l - 2 scrolls of enchant weapon {unknown}
 m - 4 scrolls of identify {unknown}


   Skills:
 - Level 6.8 Fighting
 + Level 0.0(2.6) Short Blades
 - Level 4.9 Long Blades
 - Level 6.6(6.9) Axes
 - Level 3.0(5.2) Maces & Flails
 - Level 5.5 Armour
 - Level 3.2 Dodging
 - Level 1.5 Stealth
 - Level 5.1 Invocations
 - Level 3.0 Evocations


You had 7 spell levels left.
You didn't know any spells.
Your spell library contained the following spells:

 Spells                   Type           Power      Damage    Failure   Level
 Freeze                   Ice            0%         1d3       43%         1
 Frozen Ramparts          Ice            0%         1d2       80%         3
 Hailstorm                Conj/Ice       0%         3d3       99%         4


Dungeon Overview and Level Annotations

Branches:
Dungeon (6/15)             Temple (1/1) D:5

Altars:
Ashenzari
Cheibriados
Dithmenos
Elyvilon
Fedhas
Gozag
Hepliaklqana
Kikubaaqudgha
Makhleb
Nemelex Xobeh
Okawaru
Ru
Sif Muna
Trog
Uskayaw
Vehumet
Xom
Yredelemnul
Zin
The Shining One

Shops:
D:3 *   D:4 ?*[


Innate Abilities, Weirdness & Mutations

You have a pair of horns on your head.
You reflexively headbutt those who attack you in melee.


Message History

The creatures around you are filled with an inner flame!
It was a scroll of immolation.
The orc wizard casts a spell.
The orc wizard flickers and vanishes!
As you read the scroll labelled REUTAR ESTIOSU, it crumbles to dust.
You speak a Word of immense power!
The lemure convulses!
Flame seeps out of the lemure.
The lemure convulses!
That felt strangely unrewarding.
The lemure convulses!
That felt strangely unrewarding.
It was a scroll of holy word.
The lemure explodes!
The fiery explosion engulfs something!!
Cheibriados appreciates the change of pace.
Reactivating autopickup.
You feel a bit more experienced.
The orc wizard explodes!
The lemure explodes!
The fiery explosion engulfs Pikel!!
Flame seeps out of Pikel.
Pikel is severely wounded.
The fiery explosion engulfs the orc!!
Cheibriados thoroughly appreciates the change of pace.
You can now warp the flow of time around you.
The fiery explosion engulfs the lemure!!
That felt strangely unrewarding.
The fiery explosion engulfs the orc!
Cheibriados appreciates the change of pace.
The orc explodes!
The fiery explosion engulfs the orc warrior!!
Flame seeps out of the orc warrior.
The orc warrior is severely wounded.
The lemure explodes!
The fiery explosion engulfs Pikel!!
Cheibriados thoroughly appreciates the change of pace.
The fiery explosion engulfs the orc warrior!
Cheibriados thoroughly appreciates the change of pace.
The orc warrior explodes!
Pikel explodes!
The fiery explosion engulfs something!!
Cheibriados appreciates the change of pace.
You feel a bit more experienced.
The orc wizard explodes!
The fiery explosion engulfs you!!!
Ouch! That really hurt!
You die...

♣♣♣♣♣..._..... ♣............##
# ............ .#.#
.........##.#.####
................##
#....§§.........## #######
#..§§§§§§.<......# # #.....#
#..@§○○§§$.......# #. #.....#
#..§§§§§§........# ..##.....###
#...§§§§.........#
.................§§.§.........#
# #......######...§§§..........
###.[....# ####..............##
.........###....#.....#.....##
###.<##.###..#############.## #
#.....##...## .#


There were no monsters in sight!

Vanquished Creatures
  Pikel (D:6)
  Edmund (D:6)
  A water moccasin (D:6)
  An orc warrior (D:6)
  3 ice beasts (D:6)
  2 black bears
  2 ogres
  4 lemures (D:6)
  3 phantoms
  Blork the orc (D:4)
  A bullfrog (D:6)
  3 scorpions
  4 wights (D:6)
  A bullfrog zombie (D:6)
  An orc priest (D:5)
  2 hounds (D:5)
  A centaur skeleton (D:6)
  2 iguanas
  3 orc wizards
  A killer bee zombie (D:6)
  3 gnolls (D:5)
  A howler monkey skeleton (D:4)
  4 adders
  2 worms (D:2)
  3 dart slugs
  9 orcs
  2 ball pythons
  7 endoplasms
  5 giant cockroaches
  6 goblins
  5 hobgoblins
  5 kobolds
  2 quokkas
  7 bats
  2 frilled lizards
  3 rats
104 creatures vanquished.

Vanquished Creatures (others)
  3 plants (D:4)
3 creatures vanquished.

Grand Total: 107 creatures vanquished

Notes
Turn   | Place    | Note
-------+----------+-------------------------------------------
     0 | D:1      | NinjaNoafa the Minotaur Monk began the quest for the Orb.
     0 | D:1      | Reached XP level 1. HP: 19/19 MP: 0/0
   407 | D:1      | Reached skill level 1 in Armour
   476 | D:1      | Reached XP level 2. HP: 27/27 MP: 1/1
   969 | D:2      | Reached XP level 3. HP: 31/33 MP: 2/2
  1117 | D:2      | Found a faded altar of an unknown god.
  1614 | D:2      | Noticed a phantom
  1633 | D:2      | Killed a phantom
  1634 | D:2      | Reached XP level 4. HP: 20/41 MP: 3/3
  2087 | D:3      | Found Immed's General Store.
  2242 | D:3      | Reached skill level 5 in Axes
  2242 | D:3      | Reached XP level 5. HP: 44/47 MP: 4/4
  2391 | D:3      | Found an iron altar of Okawaru.
  2477 | D:3      | Reached skill level 5 in Fighting
  2586 | D:4      | Found Rohoulez's Magic Scroll Shoppe.
  2627 | D:4      | Found Saubowai's Assorted Antiques.
  2838 | D:4      | Found Soexog's Armour Shoppe.
  2849 | D:4      | Bought a +0 pair of boots for 54 gold pieces
  2923 | D:4      | Noticed Blork the orc
  2936 | D:4      | Killed Blork the orc
  2937 | D:4      | Reached XP level 6. HP: 34/56 MP: 5/5
  3596 | D:5      | Entered Level 5 of the Dungeon
  3676 | D:5      | Reached skill level 5 in Armour
  3676 | D:5      | Reached XP level 7. HP: 25/64 MP: 6/6
  3874 | D:5      | Found a staircase to the Ecumenical Temple.
  3885 | Temple   | Entered the Ecumenical Temple
  3992 | Temple   | Became a worshipper of Cheibriados the Contemplative
  3992 | Temple   | Reached * piety under Cheibriados
  3992 | Temple   | Reached ** piety under Cheibriados
  4048 | D:5      | Reached skill level 1 in Invocations
  4578 | D:5      | Reached skill level 1 in Evocations
  5300 | D:6      | Noticed Edmund
  5307 | D:6      | Reached XP level 8. HP: 50/71 MP: 9/9
  5310 | D:6      | Killed Edmund
  5405 | D:6      | Reached skill level 1 in Maces & Flails
  5422 | D:6      | Reached skill level 5 in Invocations
  6075 | D:6      | Noticed Pikel
  6082 | D:6      | Identified a scroll of acquirement
  6082 | D:6      | Acquired a +7 rapier of electrocution
  6089 | D:6      | Identified the +6 quarterstaff of Biongatu {holy, Will++
                  | Str-4 Dex+3 Stlth+}
  6093 | D:6      | Found an ancient bone altar of Kikubaaqudgha.
  6096 | D:6      | Reached *** piety under Cheibriados
  6096 | D:6      | Killed Pikel
  6096 | D:6      | Killed by an exploding orc wizard... ignited by their inner
                  | flame

Illustrated notes

Levels and vault maps discovered:
D:1:      kennysheep_arrival_forest, layout_basic,
          chequers_serial_rivers_large_b
D:2:      layout_loops_cross, ebering_ecumenical_altar_petrified
D:3:      layout_rooms, okawaru_metal_pillars_1_2,
          nicolae_overflow_hidden_temple, serial_shops, nicolae_shop_statue_plus
D:4:      layout_loops_ring, serial_shops, nicolae_shop_crystal,
          nicolae_shop_overgrown_old_shop, shop, uniq_blork_the_orc
D:5:      layout_basic, minmay_temple_entry_ruins, nrook_mini_backslash,
          serial_bayou_crossing
D:6:      layout_rooms, mainiacjoe_overflow_catch_the_wave, uniq_edmund,
          uniq_eustachio, uniq_pikel
Temple:   compressed_dpeg_circular_temple

Skill      XL: |  1  2  3  4  5  6  7  8 |
---------------+-------------------------+-----
Armour         | 1 2 3 4 5 |  5.5
Fighting       | 4 5 6 |  6.8
Axes           | 4 5 6 |  6.6
Invocations    | 3 5 |  5.1
Evocations     | 2 3 |  3.0
Maces & Flails | 3 |  3.0
Long Blades    | 4 |  4.9
Dodging        | |  3.2
Stealth        | |  1.5

Action                   |  1- 3 |  4- 6 |  7- 9 || total
-------------------------+-------+-------+-------++-------
Melee: Hand axe          |    79 |   117 |    51 ||   247
       Headbutt          |    14 |    18 |    18 ||    50
       Punch             |       |     1 |     2 ||     3
       Falchion          |       |       |    29 ||    29
       Dire flail        |       |       |    19 ||    19
Throw: Dart              |       |       |    18 ||    18
       Boomerang         |       |       |     8 ||     8
Evoke: Wand              |       |       |     8 ||     8
  Use: Potion            |     3 |     4 |     2 ||     9
       Scroll            |       |       |     7 ||     7
 Stab: Sleeping          |     1 |       |       ||     1
Armor: Ring mail         |    29 |     1 |       ||    30
       Scale mail        |       |    42 |    60 ||   102
Dodge: Dodged            |    55 |    61 |    77 ||   193
